 Seeded DCSS version 0.30-a0-845-g7c6808c8ce (webtiles) character file.

Game seed: 4290115023798346970 (custom seed)

18 demibob the Trooper (level 2, 25/25 HPs)
             Began as a Demonspawn Wanderer on Mar 3, 2023.
             Quit the game on level 1 of the Dungeon.
             The game lasted 00:01:03 (694 turns).

demibob the Trooper (Demonspawn Wanderer)            Turns: 694, Time: 00:01:04

Health: 25/25      AC:  5    Str: 12    XL:     2   Next: 51%
Magic:  3/3        EV: 10    Int: 14    God:
Gold:   188        SH:  0    Dex: 11    Spells: 2/3 levels left

rFire   . . .      SeeInvis .    a - +2 dagger
rCold   . . .      Faith    .    (no shield)
rNeg    . . .      Spirit   .    c - +0 ring mail
rPois   .          Reflect  .    (no helmet)
rElec   .          Rampage  .    (no cloak)
rCorr   .                        (no gloves)
Will    .....                    (no boots)
Stlth   +                        (no amulet)
HPRegen 0.24/turn                (no ring)
MPRegen 0.08/turn                (no ring)

@: no status effects
A: demonic guardian 1
a: no special abilities


You were on level 1 of the Dungeon.
You visited 1 branch of the dungeon, and saw 1 of its levels.

You collected 188 gold pieces.


Innate Abilities, Weirdness & Mutations

A weak demonic guardian rushes to your aid.


   Skills:
 + Level 3.9 Fighting
 - Level 1.7 Armour
 - Level 2.6 Stealth
 - Level 1.0 Spellcasting
 - Level 1.0 Conjurations


You had 2 spell levels left.
You knew the following spells:

 Your Spells              Type           Power      Damage    Failure   Level
f - Foxfire               Conj/Fire      8%         2x1d4     43%         1

Your spell library contained the following spells:

 Spells                   Type           Power      Damage    Failure   Level
 Hailstorm                Conj/Ice       2%         3d3       80%         3
 Fireball                 Conj/Fire      1%         3d3       100%        5
 Starburst                Conj/Fire      1%         6d3       100%        6

Inventory:

Hand Weapons
 a - a +2 dagger (weapon)
Armour
 c - a +0 ring mail (worn)
Magical Staves
 f - a staff of death {!a}
Jewellery
 C - a ring of protection from cold
Scrolls
 d - a scroll of fear
 h - a scroll of acquirement
Potions
 b - a potion of brilliance
 e - a potion of berserk rage {unknown}
 g - a potion of degeneration {unknown}

Dungeon Overview and Level Annotations

Branches:
Dungeon (1/15)

Altars:

#.####
#..................
......
######.####..###.##
######
#######.#.##..#
......
..........##..#
.....#
#######.#.##..#
.###.# #.#.##..# .#
#.#.##..### .#
#.......... .
###@##..##. #
#........ ####..#..
.# . .. #g


You could see a hobgoblin (asleep).


Message History

No target in view!
No target in view!
No target in view!
You open the door.
There is an open door here.
A bat comes into view.
A bat is nearby!
You hit the bat.
You kill the bat!
No target in view!
No target in view!
No target in view!
No target in view!
No target in view!
No target in view!
No target in view!
No target in view!
No target in view!
No target in view!
No target in view!
No target in view!
No target in view!
No target in view!
Found a dagger.
You see here a bat corpse.
A hobgoblin comes into view.
You see here a scroll labelled AMI MASUSO.
h - a scroll labelled AMI MASUSO This is a scroll of acquirement!
Are you sure you want to abandon this character and quit the game? (Confirm with "yes".)

Action                     || total
---------------------------++-------
  Melee: Dagger            ||    59
   Stab: Sleeping          ||     1
 Armour: Ring mail         ||    20
  Dodge: Dodged            ||    25

Levels and vault maps discovered:
D:1:      kennysheep_arrival_seaside, layout_basic, minmay_gold_behind_fungi,
          wander_ebering_terrifying_dragon_lair

Notes
Turn   | Place    | Note
-------+----------+-------------------------------------------
     0 | D:1      | demibob the Demonspawn Wanderer began the quest for the
                  | Orb.
     0 | D:1      | demibob set off with the following items: a +2 dagger, a
                  | potion of brilliance, a +0 ring mail, a scroll of fear; and
                  | the following spell memorised: Foxfire; and the following
                  | spells available to memorise: Hailstorm.
     0 | D:1      | Reached XP level 1. HP: 18/18 MP: 2/2
   239 | D:1      | Gained mutation: A weak demonic guardian rushes to your
                  | aid. [demonic ancestry]
   239 | D:1      | Reached XP level 2. HP: 24/24 MP: 3/3
   694 | D:1      | Identified a scroll of acquirement
   694 | D:1      | Quit the game

Vanquished Creatures
  A dart slug (D:1)
  2 bats (D:1)
  An endoplasm (D:1)
  2 giant cockroaches (D:1)
  A goblin (D:1)
  2 hobgoblins (D:1)
  A quokka (D:1)
  A ball python (D:1)
  3 frilled lizards (D:1)
  2 rats (D:1)
16 creatures vanquished.

Vanquished Creatures (others)
  3 toadstools (D:1)
3 creatures vanquished.

Grand Total: 19 creatures vanquished

Table legend: (Time is in decaauts)
 A = Elapsed time spent in this place.
 B = Non-inter-level travel time spent in this place.
 C = Inter-level travel time spent in this place.
 D = Time resting spent in this place.
 E = Time spent auto-exploring this place.
 F = Levels seen in this place.
 G = Mean time per level.
                   A        B        C        D        E       F      G
               +--------+--------+--------+--------+--------+-----+--------+
         Total |    694 |    694 |      0 |      0 |    544 |   1 |  694.0 |
       Dungeon |    694 |    694 |      0 |      0 |    544 |   1 |  694.0 |
               +--------+--------+--------+--------+--------+-----+--------+

Top non-repeatable levels by time:
     D:1: 694 daAuts

Table legend:
 A = Non-vault XP
 B = Vault XP
 C = Vault XP percentage of total XP
 D = Non-vault monster count
 E = Vault monster count
 F = Vault count percentage of total count
                 A         B        C        D         E       F
            +---------+---------+-------+---------+---------+-------
      Total |      26 |       1 |   3.7 |      15 |       1 |   6.2
            +---------+---------+-------+---------+---------+-------
        D:1 |      26 |       1 |   3.7 |      15 |       1 |   6.2
            +---------+---------+-------+---------+---------+-------
